 Dungeon Crawl Stone Soup version 0.31-a0-963-ga325b2283a (webtiles) character file.

Game seed: 10581152858042083084

108 sammy202020 the Trooper (level 4, 61/61 HPs)
             Began as a Minotaur Berserker on Oct 26, 2023.
             Was a Believer of Trog.
             Quit the game on level 3 of the Dungeon.
             The game lasted 00:03:01 (2278 turns).

sammy202020 the Trooper (Minotaur Berserker)        Turns: 2278, Time: 00:03:02

Health: 61/61      AC:  6    Str: 21    XL:     4   Next: 58%
Magic:  3/3        EV: 11    Int:  4    God:    Trog [**....]
Gold:   116        SH:  0    Dex: 10    Spells: 3/3 levels left

rFire   . . .        a - +0 hand axe (venom)
rCold   . . .        (no shield)
rNeg    . . .        j - +1 ring mail {rPois}
rPois   +            (helmet restricted)
rElec   .            (no cloak)
rCorr   .            (no gloves)
SInv    .            (no boots)
Will    .....        e - amulet of regeneration Stlth
                     (no ring)
HPRegen 1.10/turn    (no ring)
MPRegen 0.08/turn

%: no passive effects
@: berserking, very quick
A: horns 2, retaliatory headbutt, claws 1, deterioration 1, dopey 1, MP-powered
wands
a: Renounce Religion, Berserk, Trog's Hand


You were on level 3 of the Dungeon.
You worshipped Trog.
Trog was pleased with you.
You visited 1 branch of the dungeon, and saw 3 of its levels.

You collected 116 gold pieces.

Inventory:

Hand Weapons
 a - a +0 hand axe of venom (weapon)
 n - a +0 flail
Missiles
 q - a throwing net
Armour
 j - a +1 ring mail of poison resistance (worn)
 m - a +0 pair of boots
Jewellery
 e - an amulet of regeneration (around neck)
 l - the ring "Cameaq" {EV+5 Str+5 Stlth+}
   (You found it on level 2 of the Dungeon)

   [ring of evasion]

   EV+5:      It affects your evasion (+5).
   Str+5:     It affects your strength (+5).
   Stlth+:    It makes you more stealthy.
Scrolls
 c - a scroll of amnesia
 f - a scroll of brand weapon
 g - a scroll of teleportation
Potions
 b - a potion of resistance
 i - 2 potions of enlightenment {unknown}
 o - a potion of berserk rage


   Skills:
 * Level 4.7 Fighting
 * Level 4.5 Axes
 * Level 3.6 Armour
 + Level 2.9 Dodging


You had 3 spell levels left.
You didn't know any spells.
Your spell library was empty.

Dungeon Overview and Level Annotations

Branches:
Dungeon (3/15)

Altars:
Elyvilon


Innate Abilities, Weirdness & Mutations

You have a pair of horns on your head.
You reflexively headbutt those who attack you in melee.
You have sharp fingernails.
Your body sometimes deteriorates upon taking damage.
You are dopey. (Int -2)
You expend magic power (3 MP) to strengthen your wands.


Message History

n - a +0 flail You see here a +0 whip.
o - 2 fuming puce potions You now have 108 gold pieces (gained 3).
p - a scroll labelled BYNNOD HIEQAM You now have 116 gold pieces (gained 8).
q - a throwing net You see here an orb of mayhem.
As you read the scroll labelled KUASTR PYNAU, it crumbles to dust.
It is a scroll of amnesia.
You feel forgetful for a moment.
You feel yourself speed up.
As you read the scroll labelled MAORIWKIFO, it dissolves into smoke.
It was a scroll of fog.
As you read the scroll labelled BYNNOD HIEQAM, it crumbles to dust.
You assume a fearsome visage.
Nothing appears to happen.
It was a scroll of fear.
As you read the scroll of identify, it crumbles to dust.
b - a potion of resistance
As you read the scroll of identify, it crumbles to dust.
d - 2 potions of mutation You start waiting.
You recover from your berserk rage.
You start waiting.
Done waiting.
You start waiting.
Done waiting.
You start waiting.
Done waiting.
You feel extremely strange.
You feel insulated.
You feel extremely strange.
You feel conductive.
You feel yourself wasting away.
You feel your magical essence link to the dungeon's wands.
You feel stupid.
Your fingernails lengthen.
It was a potion of berserk rage.
A red film seems to cover your vision as you go berserk!
You feel yourself moving faster!
You feel mighty!
Unknown command.
Are you sure you want to abandon this character and quit the game? (Confirm with "yes".)

.# ##### .# ##...##
.# #### +:...[# .#
##..###.[@).# .#
#.)..##)....# .# #
#....'#÷...## ##.#
#.##..##.##### ...#
#..#)###'# #..#
#..†.##.# #.##
##.#.#.(.
#..#####.#.##.# #
#........#..###...#


There were no monsters in sight!

Vanquished Creatures
  2 adders
  3 dart slugs
  3 orcs (D:3)
  9 endoplasms
  3 giant cockroaches
  5 goblins
  12 hobgoblins
  2 jackals
  5 kobolds
  4 quokkas
  4 ball pythons
  9 bats
  5 frilled lizards
  5 rats
71 creatures vanquished.

Notes
Turn   | Place    | Note
-------+----------+-------------------------------------------
     0 | D:1      | sammy202020 the Minotaur Berserker began the quest for the
                  | Orb.
     0 | D:1      | Reached XP level 1. HP: 19/19 MP: 0/0
   160 | D:1      | Reached XP level 2. HP: 17/27 MP: 1/1
   711 | D:1      | Reached ** piety under Trog
   725 | D:1      | Reached XP level 3. HP: 20/33 MP: 2/2
  1407 | D:2      | Reached XP level 4. HP: 37/41 MP: 3/3
  1428 | D:2      | Found a white marble altar of Elyvilon.
  1518 | D:2      | Identified the ring "Cameaq" {EV+5 Str+5 Stlth+}
  2275 | D:3      | Gained mutation: You are resistant to electric shocks.
                  | (rElec) [potion of mutation]
  2276 | D:3      | Lost mutation: You are resistant to electric shocks.
                  | (rElec) [potion of mutation]
  2276 | D:3      | Gained mutation: Your body sometimes deteriorates upon
                  | taking damage. [potion of mutation]
  2276 | D:3      | Gained mutation: You expend magic power (3 MP) to
                  | strengthen your wands. [potion of mutation]
  2276 | D:3      | Gained mutation: You are dopey. (Int -2) [potion of
                  | mutation]
  2276 | D:3      | Gained mutation: You have sharp fingernails. [potion of
                  | mutation]
  2278 | D:3      | Quit the game

Illustrated notes

Levels and vault maps discovered:
D:1:      dpeg_arrival_erosion, layout_rooms
D:2:      layout_basic, basic_altar, minmay_increasing_density
D:3:      layout_loops_ring, serial_shops, shop, hangedman_abyss_or_decor_stabs,
          minmay_joined_circles, uniq_sigmund

Skill      XL: |  1  2 |
---------------+-------+-----
Axes           | 4 |  4.5
Fighting       | 4 |  4.7
Armour         | 3 |  3.6
Dodging        | |  2.9

Action                     |  1- 3 |  4- 6 || total
---------------------------+-------+-------++-------
  Melee: Hand axe          |   107 |    48 ||   155
         Headbutt          |     5 |     5 ||    10
 Invoke: Berserk           |     1 |     1 ||     2
    Use: Scroll            |     5 |     5 ||    10
         Potion            |       |     3 ||     3
 Armour: Animal skin       |    43 |       ||    43
         Ring mail         |    31 |    28 ||    59
  Dodge: Dodged            |    75 |    22 ||    97

Table legend: (Time is in decaauts)
 A = Elapsed time spent in this place.
 B = Non-inter-level travel time spent in this place.
 C = Inter-level travel time spent in this place.
 D = Time resting spent in this place.
 E = Time spent auto-exploring this place.
 F = Levels seen in this place.
 G = Mean time per level.
                   A        B        C        D        E       F      G
               +--------+--------+--------+--------+--------+-----+--------+
         Total |   2308 |   2287 |     21 |    584 |   1291 |   3 |  769.3 |
       Dungeon |   2308 |   2287 |     21 |    584 |   1291 |   3 |  769.3 |
               +--------+--------+--------+--------+--------+-----+--------+

Top non-repeatable levels by time:
     D:1: 918 daAuts
     D:2: 841 daAuts
     D:3: 548 daAuts
